Map: Port Aleksander LE

Players

Shade

  • Race: Zerg Zerg
  • Spawn Location: 5:00

Throwfordays - Winner!

  • Race: Protoss Protoss
  • League: Silver
  • Spawn Location: 11:00

VOD

Have the link to the VOD?

Description

Time

  • Played on: Feb. 10, 2019, 5:29 p.m.
  • Length: 11:18
Show
View Real Time Build Order
Export as new Build Order

Shade Zerg 

Build Orders: Pool First 

Get SALT Encoding   

  12  0:02  Drone  
  13  0:14  Overlord  
  13  0:19  Drone  
  14  0:36  Spawning Pool  
  14  0:39  Drone  
  14  0:46  Drone  
  14  0:47  Drone  
  16  0:53  Extractor, Drone  
  16  1:02  Drone  
  17  1:23  Queen  
  19  1:39  Hatchery  
  18  1:43  Drone x2  
  18  1:44  Drone  
  21  1:56  Overlord  
  21  2:15  Queen  
  21  2:19  Drone x2  
  21  2:20  Extractor  
  24  2:31  Metabolic Boost  
  24  2:35  Drone x4  
  28  2:55  Drone  
  28  2:57  Drone x2  
  31  3:06  Drone x4  
  31  3:12  Drone  
  36  3:20  Roach Warren  
  36  3:23  Lair  
  35  3:28  Drone  
  35  3:32  Overlord  
  36  3:39  Overlord x2  
  36  3:52  Extractor, Drone x5  
  41  3:55  Drone x2  
  41  3:56  Drone  
  43  4:23  Drone x2  
  43  4:24  Drone x2  
  47  4:27  Extractor  
  46  4:32  Roach x3  
  52  4:38  Evolution Chamber  
  52  4:41  Evolution Chamber  
  52  4:42  Spore Crawler  
  49  4:46  Hydralisk Den  
  49  4:47  Spore Crawler  
  49  4:48  Spore Crawler  
  49  4:49  Spore Crawler  
  49  4:50  Drone x2  
  49  4:51  Drone x3  
  50  4:53  Drone x2  
  50  4:54  Drone x3  
  55  5:00  Spore Crawler  
  55  5:04  Spore Crawler  
  53  5:07  Spore Crawler  
  53  5:09  Spore Crawler  
  51  5:18  Zerg Missile Weapons Level 1  
  51  5:19  Zerg Ground Armor Level 1  
  51  5:26  Drone x4  
  56  5:28  Drone  
  56  5:30  Drone  
  56  5:31  Drone  
  56  5:33  Drone  
  56  5:34  Drone  
  60  5:38  Overlord  
  60  5:55  Hatchery  
  59  6:00  Queen  
  59  6:01  Queen  
  67  6:11  Roach x2  
  67  6:12  Overlord x2  
  67  6:16  Overlord  
  67  6:29  Drone  
  68  6:36  Queen  
  70  7:08  Queen  
  70  7:09  Drone  
  73  7:16  Roach x6  
  73  7:17  Roach x5  
  73  7:22  Overlord x4  
  95  7:23  Overlord x2  
  95  7:31  Spine Crawler  
  94  7:44  Overlord x2  
  94  7:45  Roach x3  
  94  7:47  Roach x2  
  94  7:48  Roach x2  
  108  7:59  Roach x3  
  108  8:00  Roach x3  
  108  8:04  Zerg Missile Weapons Level 2  
  108  8:05  Zerg Ground Armor Level 2  
  114  8:43  Roach  
  114  8:44  Roach x4  
  114  8:45  Roach  
  114  8:46  Roach x4  
  114  8:48  Roach x2  
  138  8:49  Overlord x3  
  136  9:11  Zergling x8  
  136  9:12  Zergling x8  
  116  9:46  Hydralisk x5  
  116  9:47  Hydralisk x6  
  129  10:18  Hydralisk x4  
  137  10:24  Overlord x2  
  137  10:25  Overlord x6  
  114  10:49  Hydralisk x2  
  94  10:50  Hydralisk x6  
Show
View Real Time Build Order
Export as new Build Order

Throwfordays Protoss - Winner!

Build Orders: Double Forge 

Get SALT Encoding   

  12  0:00  Probe  
  13  0:12  Probe  
  14  0:19  Pylon  
  14  0:24  Probe  
  15  0:37  Probe  
  15  0:41  Gateway  
  16  0:49  Probe  
  17  1:01  Assimilator, Probe  
  18  1:13  Probe  
  19  1:25  Probe  
  20  1:28  Cybernetics Core  
  20  1:37  Probe  
  21  1:45  Nexus  
  21  1:46  Warp Gate  
  21  1:54  Assimilator  
  21  1:57  Probe  
  22  2:07  Pylon  
  22  2:09  Probe  
  23  2:21  Gateway  
  23  2:25  Probe  
  23  2:27  Pylon  
  24  2:41  Forge  
  24  2:45  Adept  
  26  2:54  Pylon, Probe  
  27  3:02  Probe x2  
  27  3:11  Probe x2  
  31  3:21  Probe  
  32  3:27  Probe  
  32  3:33  Probe  
  34  3:39  Probe  
  35  3:45  Photon Cannon, Probe  
  36  3:48  Protoss Ground Weapons Level 1  
  36  3:51  Probe  
  36  3:53  Photon Cannon  
  37  3:57  Probe  
  37  4:00  Photon Cannon  
  38  4:03  Probe  
  39  4:10  Twilight Council  
  39  4:15  Probe  
  39  4:16  Forge  
  40  4:21  Adept  
  42  4:24  Protoss Ground Armor Level 1  
  42  4:35  Pylon  
  42  4:40  Pylon  
  42  4:42  Pylon  
  42  4:46  Pylon, Stalker  
  42  4:47  Stalker  
  46  4:53  Resonating Glaives  
  46  5:02  Probe  
  46  5:06  Assimilator  
  47  5:08  Assimilator  
  47  5:13  Gateway  
  47  5:14  Probe  
  47  5:19  Protoss Ground Weapons Level 2  
  47  5:20  Gateway  
  48  5:24  Gateway  
  48  5:33  Robotics Facility  
  48  5:35  Probe  
  49  5:38  Probe  
  50  5:47  Probe  
  51  5:50  Probe  
  52  5:59  Probe  
  52  6:03  Probe  
  54  6:07  Sentry x2  
  58  6:22  Robotics Bay  
  58  6:23  Protoss Ground Armor Level 2  
  58  6:24  Observer  
  59  6:33  Blink  
  59  6:35  Stalker x2  
  59  6:37  Adept  
  59  6:39  Adept  
  67  7:36  Observer  
  67  7:57  Observer  
  68  8:02  Protoss Ground Weapons Level 3  
  68  8:07  Stalker  
  68  8:08  Stalker x4  
  78  8:34  Charge  
  78  8:36  Nexus  
  78  8:38  Pylon  
  78  8:39  Stalker x5  
  84  9:05  Stalker  
  84  9:06  Stalker x4  
  78  9:47  Stalker x3  
  78  9:48  Stalker x2  
  86  10:10  Stalker  
  86  10:11  Stalker x3  
  86  10:12  Stalker  
  84  10:44  Stalker x5  
  80  11:17  Adept  
Tags
 
Add a new tag
Caveats
  • Supply blocks, unpowered buildings, or Contaminate may cause inaccurate times.
  • Supply counts are checked every 10 seconds.